 Dungeon Crawl Stone Soup version 0.20.1-1-g8b1a95d (webtiles) character file.

3999 Jebus the Grappler (level 10, -1/94 HPs)
             Began as a Ghoul Monk on Nov 15, 2017.
             Was a Follower of Uskayaw.
             Killed from afar by an orc wizard (6 damage)
             ... with a magic dart
             ... on level 7 of the Dungeon.
             The game lasted 00:17:25 (7949 turns).

Jebus the Grappler (Ghoul Monk)                     Turns: 7949, Time: 00:17:25

Health: -1/94      AC:  5    Str: 16    XL:     10   Next: 23%
Magic:  6/9        EV: 13    Int:  5    God:    Uskayaw [*.....]
Gold:   130        SH:  0    Dex: 14    Spells: 9/9 levels left

rFire    . . .     SeeInvis .     - Unarmed
rCold    + . .     Gourm    .   (no shield)
rNeg     + + +     Faith    .   a - +1 robe
rPois    ∞         Spirit   .   (no helmet)
rElec    .         Reflect  .   (no cloak)
rCorr    .         Harm     .   (no gloves)
MR       .....                  w - +1 pair of boots {Fly}
Stlth    ++........             (no amulet)
Regen    0.0/turn               (no ring)
MPRegen  0.2/turn               (no ring)

@: flying, rotting
A: rotting body, claws 1, carnivore 3, cold resistance 1, negative energy
resistance 3, inhibited regeneration, torment resistance, unbreathing
a: Stomp, Renounce Religion, Stop Flying


You were on level 7 of the Dungeon.
You worshipped Uskayaw.
Uskayaw was noncommittal.
You were not hungry.

You visited 2 branches of the dungeon, and saw 9 of its levels.

You collected 377 gold pieces.
You spent 247 gold pieces at shops.

Inventory:

Armour
 a - a +1 robe (worn)
 w - a +1 pair of boots of flying (worn)
Jewellery
 c - an uncursed amulet of guardian spirit {unknown}
 h - an uncursed ring of fire {unknown}
 i - an uncursed amulet of harm {unknown}
 l - a cursed +3 ring of strength {unknown}
 o - a +2 amulet of reflection {unknown}
 p - a cursed ring of teleportation {unknown}
Wands
 f - a wand of random effects (48/48)
 j - a wand of iceblast (0/15)
Scrolls
 d - 2 scrolls of enchant armour
 m - a scroll of magic mapping
 n - a scroll of recharging
 s - a scroll of identify
Potions
 e - a potion of resistance
 g - 3 potions of flight
 r - a potion of curing
 u - a potion of brilliance
Comestibles
 b - 6 meat rations
 k - 3 royal jellies


   Skills:
 + Level 10.7 Fighting
 - Level 2.6 Dodging
 - Level 2.1 Stealth
 - Level 12.2 Unarmed Combat


You had 9 spell levels left.
You didn't know any spells.

Dungeon Overview and Level Annotations

Branches:
Dungeon (8/15)             Temple (1/1) D:6
   Lair: D:8-11

Altars:
Ashenzari
Cheibriados
Dithmenos
Elyvilon
Fedhas
Gozag
Hepliaklqana
Kikubaaqudgha
Makhleb
Nemelex Xobeh
Okawaru
Qazlal
Ru
Sif Muna
Trog
Uskayaw
Vehumet
Xom
Yredelemnul
Zin
The Shining One

Shops:
D:6 %[[(


Innate Abilities, Weirdness & Mutations

Your body is rotting away.
You thrive on raw meat.
You are immune to poison.
You have sharp fingernails.
You are carnivorous and can eat meat at any time.
Your flesh is cold resistant. (rC+)
You are immune to negative energy. (rN+++)
You do not regenerate when monsters are visible.
You are immune to unholy pain and torment.
You can survive without breathing.


Message History

The orc wizard mumbles some strange words.
The orc wizard blinks!
Okay, then.
You closely miss the orc wizard. You claw the orc wizard!
You kill the orc wizard!
The orc priest mumbles some strange prayers to Beogh against you.
Beogh smites you! The hornet zombie hits you.
* * * LOW HITPOINT WARNING * * *
You can now stomp with the beat.
The orc priest mumbles some strange prayers to Beogh against you.
Beogh smites you!
* * * LOW HITPOINT WARNING * * *
Items here: ) ? [ † a dagger; a robe; a scroll labeled OTHIES UWOK; an orc corpse The orc wizard hits you but does no damage.
You barely miss the orc wizard. The hornet zombie hits you!
* * * LOW HITPOINT WARNING * * *
The orc wizard points at you and mumbles some strange words.
The magic dart hits you!
You die...

...##.# #.o.o..#
...##.############..§s..#.
................s..oo..W.>...
.......#########o######......
........# #W# .....#
......#.## #.# '####
......#..# #H# .# ......##.##
#Z# # ......##..# #@#
......###.# #o# ###### #(#
#.# ###### #.## #.# .....#
#.(# #.# .....# ##.## #.#
.....# #.)# #.# .....# ##.##
#.# .....# #..# #.#


You could see a hippogriff, a wraith, a scorpion, an orc priest, an orc wizard
and a hornet zombie.

Vanquished Creatures
  A two-headed ogre (D:7)
  Grinder (D:3)
  Edmund (D:4)
  Duvessa (D:5)
  An orc warrior (D:6)
  2 sky beasts
  A necrophage (D:6)
  2 ice beasts
  A phantom (D:5)
  3 ogres
  4 centaurs
  Blork the orc (D:4)
  A big kobold (D:5)
  A gnoll sergeant (D:5)
  A bullfrog (D:7)
  A water moccasin skeleton (D:7)
  Dowan (D:5)
  A scorpion (D:7)
  6 killer bees (D:7)
  A howler monkey (D:5)
  A crimson imp (D:8)
  8 orc priests
  A gnoll shaman (D:7)
  6 orc wizards
  A bullfrog zombie (D:5)
  2 iguanas
  Natasha (thrice) (D:2)
  2 worker ants
  A hound zombie (D:6)
  Robin (D:3)
  11 gnolls
  12 adders
  A shadow imp (D:5)
  An adder skeleton (D:6)
  A worm (D:3)
  3 dart slugs (D:1)
  4 leopard geckos
  18 orcs
  3 giant cockroaches
  10 goblins
  10 hobgoblins
  5 jackals (D:1)
  12 kobolds
  2 quokkas
  3 ball pythons
  8 bats
  5 frilled lizards
  A leopard gecko zombie (D:5)
  A quokka zombie (D:5)
  10 rats
179 creatures vanquished.

Vanquished Creatures (others)
  A ghoul (D:1)
  An elf (D:1)
  A vine stalker (D:1)
  A troll (D:1)
  A formicid (D:1)
  3 humans (D:1)
  An ogre (D:1)
  2 centaurs (D:1)
  A kobold (D:1)
  5 tentacles (D:1)
17 creatures vanquished.

Grand Total: 196 creatures vanquished

Notes
Turn   | Place    | Note
-------+----------+-------------------------------------------
     0 | D:1      | Jebus the Ghoul Monk began the quest for the Orb.
     0 | D:1      | Reached XP level 1. HP: 19/19 MP: 0/0
     0 | D:1      | Noticed a formicid
     0 | D:1      | Noticed a human
     0 | D:1      | Noticed a centaur
     0 | D:1      | Noticed a human
     0 | D:1      | Noticed an elf
     0 | D:1      | Noticed a ghoul
     0 | D:1      | Noticed a vine stalker
     0 | D:1      | Noticed an ogre
     0 | D:1      | Noticed a kraken
     0 | D:1      | Noticed a troll
     0 | D:1      | Noticed a human
     0 | D:1      | Noticed a centaur
     4 | D:1      | Killed a troll
     5 | D:1      | Killed a human
     5 | D:1      | Killed a centaur
     6 | D:1      | Killed a formicid
     7 | D:1      | Killed a centaur
     7 | D:1      | Killed a human
     8 | D:1      | Killed an ogre
     9 | D:1      | Killed a vine stalker
     9 | D:1      | Killed a human
    13 | D:1      | Killed a ghoul
    13 | D:1      | Killed an elf
   138 | D:1      | Reached XP level 2. HP: 8/26 MP: 1/1
   323 | D:1      | Reached skill level 4 in Unarmed Combat
   721 | D:1      | Reached XP level 3. HP: 29/30 MP: 2/2
  1479 | D:2      | Noticed Natasha
  1486 | D:2      | Killed Natasha
  1486 | D:2      | Reached skill level 5 in Unarmed Combat
  1486 | D:2      | Reached XP level 4. HP: 37/37 MP: 3/3
  2057 | D:2      | Noticed Natasha
  2065 | D:2      | Killed Natasha
  2108 | D:2      | Noticed Natasha
  2118 | D:2      | Killed Natasha
  2118 | D:2      | Reached skill level 6 in Unarmed Combat
  2118 | D:2      | Reached XP level 5. HP: 41/45 MP: 4/4
  2425 | D:3      | Noticed Robin
  2468 | D:3      | Killed Robin
  2615 | D:2      | Reached skill level 7 in Unarmed Combat
  2794 | D:2      | Reached XP level 6. HP: 17/51 MP: 5/5
  2971 | D:3      | Noticed Grinder
  2986 | D:3      | Killed Grinder
  2986 | D:3      | Reached skill level 8 in Unarmed Combat
  2986 | D:3      | Reached XP level 7. HP: 32/57 MP: 6/6
  3614 | D:4      | Noticed Edmund
  3626 | D:4      | Killed Edmund
  3626 | D:4      | Reached skill level 9 in Unarmed Combat
  3844 | D:4      | Noticed Blork the orc
  3853 | D:4      | Killed Blork the orc
  4368 | D:5      | Entered Level 5 of the Dungeon
  4470 | D:5      | Reached skill level 10 in Unarmed Combat
  4584 | D:5      | Reached XP level 8. HP: 55/62 MP: 7/7
  4658 | D:5      | HP: 3/62 [bullfrog zombie (2)]
  4888 | D:5      | Noticed Duvessa
  4888 | D:5      | Noticed Dowan
  4894 | D:5      | Killed Dowan
  4925 | D:5      | Killed Duvessa
  4925 | D:5      | Reached skill level 11 in Unarmed Combat
  4981 | D:5      | Found Faipnomp's General Store.
  5947 | D:6      | Reached skill level 12 in Unarmed Combat
  5997 | D:6      | Reached XP level 9. HP: 53/71 MP: 8/8
  6001 | D:6      | Reached skill level 5 in Fighting
  6122 | D:6      | Found a staircase to the Ecumenical Temple.
  6158 | Temple   | Entered the Ecumenical Temple
  6222 | Temple   | Became a worshipper of Uskayaw the Reveler
  6222 | Temple   | Reached * piety under Uskayaw
  6304 | D:6      | Found Cuow's Food Shop.
  6314 | D:6      | Reached ** piety under Uskayaw
  6539 | D:6      | Found a burning altar of Makhleb.
  6708 | D:6      | Found Anirph's Armour Shop.
  6711 | D:6      | Found Yfruocw's Antique Armour Shop.
  6711 | D:6      | Found Enisajake's Antique Weapon Shop.
  6778 | D:6      | Bought a +1 pair of boots of flying for 247 gold pieces
  6921 | D:7      | Reached *** piety under Uskayaw
  6924 | D:7      | Reached **** piety under Uskayaw
  6926 | D:7      | Reached ***** piety under Uskayaw
  7257 | D:7      | HP: 4/82 [gnoll shaman/club (5)]
  7764 | D:7      | Reached XP level 10. HP: 90/90 MP: 9/9
  7771 | D:7      | Noticed a two-headed ogre
  7787 | D:7      | Killed a two-headed ogre
  7787 | D:7      | Reached skill level 10 in Fighting
  7949 | D:7      | Killed from afar by an orc wizard

Skill      XL: |  1  2  3  4  5  6  7  8  9 10 |
---------------+-------------------------------+-----
Unarmed Combat | 4 5 6 7 8 10 12 | 12.2
Fighting       | 4 9 10 | 10.7
Dodging        | |  2.6
Stealth        | |  2.1

Action                   |  1- 3 |  4- 6 |  7- 9 | 10-12 || total
-------------------------+-------+-------+-------+-------++-------
Melee: Unarmed           |    81 |   117 |   304 |    29 ||   531
       Punch             |     1 |     2 |    12 |     3 ||    18
Invok: Stomp             |       |       |     4 |     1 ||     5
       Line Pass         |       |       |     1 |       ||     1
Evoke: Wand              |       |       |     2 |       ||     2
  Use: Scroll            |       |     4 |     9 |     1 ||    14
       Potion            |       |       |     3 |       ||     3
 Stab: Sleeping          |     3 |     2 |     8 |     2 ||    15
       Distracted        |       |       |     1 |       ||     1
       Paralysed         |       |       |     7 |     1 ||     8
  Eat: Chunk             |    10 |    26 |    46 |     1 ||    83
Armor: Robe              |    10 |    25 |    47 |     8 ||    90
Dodge: Dodged            |    45 |    74 |   160 |    22 ||   301
